AoeStats
← Milaad

Nomad

507612085Analyzed
3v3 RM · 14d ago on Sep 19, 2026· 51m 42s· 6 players
Game mode
Random Map
Map size
210×210
Population
200
Speed
Normal
Resources
Standard
Victory
Conquest
Starting age
Dark Age
Ending age
Imperial Age
RankedLock teamsTeams togetherTeam positionsShared explorationLock speedFull tech treeHidden civsTurbo modeCheats
Victory
Defeat
🇺🇸 Malay · United States
1090
+12
🇺🇸 Portuguese · United States
1081
+12
🇺🇸 Goths · United States
968
+17
🇺🇸 Vietnamese · United States
1042
-16
🇫🇷 Khmer · France
995
-14
🇨🇴 Byzantines · Colombia
933
-11
victoriendu92
7:12 Loom
16:05 Feudal Age
23:01 Castle Age
21:42 Double-Bit Axe
21:44 Fishing Lines
22:01 Gold Mining
22:43 Stone Mining
27:39 Fletching
27:43 Demolition Ship
29:55 Town Watch
34:29 Husbandry
34:39 Bloodlines
35:01 Horse Collar
37:59 Imperial Age
36:32 Wheelbarrow
36:38 Bodkin Arrow
36:43 Padded Archer Armor
37:05 Masonry
37:05 Fortified Wall
39:30 Hand Cart
39:28 Heavy Plow
39:44 Bow Saw
40:33 Scale Barding Armor
40:29 Scale Mail Armor
40:40 Forging
41:40 Crop Rotation
43:05 Chain Barding Armor
43:00 Chain Mail Armor
43:21 Iron Casting
Buster Magoo
6:39 Loom
13:42 Feudal Age
16:42 Bloodlines
18:26 Wheelbarrow
18:39 Double-Bit Axe
20:04 Forging
20:25 Horse Collar
20:52 Town Watch
22:00 Scale Barding Armor
27:43 Castle Age
27:14 Fletching
28:46 Hand Cart
32:08 Husbandry
33:27 Gold Mining
34:56 Iron Casting
35:22 Chatras
36:29 Bow Saw
37:43 Chain Barding Armor
41:57 Imperial Age
40:10 Stone Mining
42:01 Elite Battle Elephant
43:28 Plate Barding Armor
Rivera Col
11:29 Loom
15:48 Feudal Age
17:15 Double-Bit Axe
20:16 Fishing Lines
24:15 Castle Age
25:00 Gillnets
25:26 Medium Warships
25:41 Horse Collar
26:14 Bow Saw
29:33 Gold Mining
32:34 Wheelbarrow
32:47 Careening
32:57 Clinker Construction
42:08 Imperial Age
43:01 Husbandry
43:56 Heavy Camel Rider
rashbalash
4:32 Loom
17:02 Feudal Age
18:46 Double-Bit Axe
23:15 Castle Age
22:07 Gold Mining
22:23 Scale Mail Armor
23:03 Stone Mining
24:22 Squires
26:43 Bow Saw
27:37 Medium Warships
27:42 Pikeman
30:16 Horse Collar
34:09 Murder Holes
35:27 Anarchy
36:05 Forging
39:07 Wheelbarrow
41:17 Chain Mail Armor
41:49 Town Watch
45:50 Imperial Age
44:30 Hand Cart
45:52 Iron Casting
46:13 Halberdier
47:44 Town Patrol
48:48 Heavy Plow
49:16 Ballistics
50:04 Conscription
50:44 Stone Shaft Mining
Streetlamp Le Moose
4:32 Loom
12:55 Feudal Age
13:27 Double-Bit Axe
19:18 Castle Age
19:26 Fletching
20:25 Medium Warships
19:57 Fishing Lines
20:32 Bow Saw
20:21 Bodkin Arrow
20:57 Horse Collar
21:07 Town Watch
23:36 Wheelbarrow
24:52 Hand Cart
27:14 Heavy Plow
29:49 Ballistics
33:58 Careening
33:58 Clinker Construction
36:47 Imperial Age
34:22 Circumnavigation
36:55 Elite Caravel
38:01 Heavy Warships
38:51 Chemistry
37:49 Gold Mining
38:42 Elite Cannon Galleon
39:36 Bracer
40:25 Conscription
40:41 Town Patrol
43:02 Dry Dock
43:02 Carvel Hull
43:32 Arquebus
44:35 Siege Engineers
46:43 Two-Man Saw
45:49 Padded Archer Armor
46:00 Forging
45:51 Scale Mail Armor
45:56 Scale Barding Armor
46:05 Masonry
45:51 Murder Holes
46:47 Elite Organ Gun
48:05 Architecture
48:26 Stone Mining
49:13 Crop Rotation
49:34 Spies/Treason
49:45 Sappers
50:03 Treadmill Crane
50:30 Siphons
50:43 Leather Archer Armor
51:03 Iron Casting
50:44 Chain Mail Armor
50:50 Chain Barding Armor
50:20 Arson
50:21 Gambesons
50:41 Gillnets
Milaad
4:18 Loom
16:43 Feudal Age
20:07 Scale Barding Armor
19:59 Gold Mining
23:02 Castle Age
22:01 Wheelbarrow
22:19 Wheelbarrow
24:16 Gold Shaft Mining
24:01 Forging
24:42 Double-Bit Axe
24:38 Horse Collar
27:43 Heavy Plow
27:54 Bow Saw
28:32 Iron Casting
28:28 Medium Warships
30:43 Stone Mining
38:29 Imperial Age
36:43 Fletching
38:43 Capped Ram
38:55 Elite Battle Elephant
42:49 Blast Furnace
42:28 Stone Shaft Mining
42:09 Husbandry
45:23 Hand Cart
46:34 Pikeman
51:37 Fletching
51:47 Padded Archer Armor
51:14 Halberdier
51:56 Squires
51:41 Arson
Connection lost

Rejoining the realm…

Still unreachable

The connection could not be restored.

Session expired

The server has moved on; the page needs a fresh start.